 Dungeon Crawl Stone Soup version 0.31-a0-844-gdc52ec4e09 (webtiles) character file.

Game seed: 3363489383424747469

1471 Shayle the Trooper (level 8, 0/44 (63) HPs)
             Began as a Demonspawn Reaver on Sept 29, 2023.
             Succumbed to an orc wizard's poison
             ... on level 6 of the Dungeon.
             The game lasted 00:16:57 (5199 turns).

Shayle the Trooper (Demonspawn Reaver)              Turns: 5199, Time: 00:16:58

HP:   0/44 (63)     AC: 16    Str: 14    XL:     8   Next: 49%
MP:   15/15         EV: 11    Int: 16    God:
Gold: 224           SH:  0    Dex: 17    Spells: 16/17 levels left

rFire   . . .        a - +0 spear
rCold   . . .        (no shield)
rNeg    . . .        z - +0 ring mail
rPois   .            j - +2 hat
rElec   .            (no cloak)
rCorr   .            d - +0 pair of gloves
SInv    .            (no boots)
Will    .....        w - amulet of regeneration
Stlth   +            f - +6 ring of dexterity
HPRegen 1.07/turn    l - +4 ring of protection
MPRegen 0.14/turn

%: no passive effects
@: lethally poisoned (0 -> -11), studying Conjurations, very heavily drained
A: yellow scales 2, demonic guardian 1
a: no special abilities


You were on level 6 of the Dungeon.
You visited 1 branch of the dungeon, and saw 6 of its levels.

You collected 315 gold pieces.
You spent 91 gold pieces at shops.

Inventory:

Hand Weapons
 a - a +0 spear (weapon)
Missiles
 k - a throwing net (quivered)
Armour
 b - a +0 leather armour
 d - a +0 pair of gloves (worn)
 j - a +2 hat (worn)
 p - an orb of guile
 z - a +0 ring mail (worn)
Jewellery
 f - a +6 ring of dexterity (left hand)
 l - a +4 ring of protection (right hand)
 w - an amulet of regeneration (around neck)
 y - a ring of magical power
 B - an amulet of guardian spirit
Scrolls
 e - a scroll of noise {unknown}
 g - a scroll of poison {unknown}
 i - a scroll of fog {unknown}
 n - a scroll of teleportation
 r - a scroll of enchant armour {unknown}
 s - a scroll of vulnerability
 t - a scroll of amnesia {unknown}
 x - a scroll of immolation {unknown}
 A - a scroll of brand weapon {unknown}
Potions
 c - a potion of haste
 o - a potion of magic
 q - a potion of cancellation
 v - a potion of resistance
 C - 2 potions of degeneration


   Skills:
 + Level 5.6 Fighting
 - Level 2.6 Polearms
 + Level 4.6 Armour
 - Level 1.7 Dodging
 + Level 5.1 Spellcasting
 - Level 3.0 Conjurations
 + Level 5.6 Necromancy


You had 16 spell levels left.
You knew the following spells:

 Your Spells              Type           Power      Damage    Failure   Level
a - Kiss of Death         Conj/Necr      68%        2d10      4%          1

Your spell library contained the following spells:

 Spells                   Type           Power      Damage    Failure   Level
 Sublimation of Blood     Necr           22%        N/A       4%          2
 Momentum Strike          Conj/Tloc      16%        3d8       24%         2
 Static Discharge         Conj/Air       16%        2-3/arc   24%         2
 Hailstorm                Conj/Ice       8%         3d4       43%         3
 Anguish                  Hex/Necr       6%         N/A       65%         4
 Airstrike                Air            2%         2d(1-17)  96%         4
 Cause Fear               Hex            2%         N/A       96%         4
 Petrify                  Tmut/Erth      4%         N/A       96%         4
 Irradiate                Conj/Tmut      4%         3d13      99%         5
 Enfeeble                 Hex            2%         N/A       100%        7
 Infestation              Necr           11%        N/A       100%        8


Dungeon Overview and Level Annotations

Branches:
Dungeon (6/15)
 Temple: D:4-7

Altars:
Dithmenos
Gozag
Hepliaklqana
Makhleb
Okawaru
Qazlal
Ru
Trog
Uskayaw

Shops:
D:1 (   D:5 **

Annotations:
D:4 1 runed translucent door, Crazy Yiuf


Innate Abilities, Weirdness & Mutations

You are mostly covered in yellow scales. (AC +3)
A weak demonic guardian rushes to your aid.


Message History

You hit the orc warrior but do no damage.
The orc warrior is severely wounded.
You feel very sick.
Your white imp barely misses something.
The orc warrior hits you but does no damage.
Something hits you but does no damage.
You are more poisoned.
You hit the orc warrior.
The orc warrior is almost dead.
You feel very sick.
Your white imp hits something.
Your white imp freezes something.
The orc warrior hits you but does no damage.
Something hits you but does no damage.
You are more poisoned.
You hit the orc warrior but do no damage.
The orc warrior is almost dead.
* * * LOW HITPOINT WARNING * * *
You feel very sick.
Your white imp closely misses something.
The orc warrior hits you but does no damage.
Something hits you but does no damage.
You are lethally poisoned!
Okay, then.
As you read the scroll of fear, it crumbles to dust.
You assume a fearsome visage.
The orc warrior looks frightened!
The iguana looks frightened!
* * * LOW HITPOINT WARNING * * *
You feel extremely sick.
Your white imp hits something.
Your white imp freezes something.
Something hits your white imp but does no damage.
Okay, then.
You hit something.
* * * LOW HITPOINT WARNING * * *
You feel very sick.
Your white imp closely misses something.
You hear some strange, mumbled words.
A magic dart appears from out of thin air!
The magic dart hits you but does no damage.
You miss something. Your punch misses something.
You die...

#.......# #.#####.. ##
#.# ### .o
######.#####.# #.
#...........#
###o######..##..#####..
...........##.##
#o####.#.###.#
#{.)@{###.##.#
######5#.###.# ##..#
#.# #..# #.# #..# #.#
#.. #..# #.# #.. ...#
#.. ##.## ####.. #.#
#.....


You could see an orc warrior (fleeing, very drained, ally target) and a friendly
white imp (summoned).

Vanquished Creatures
  Grinder (D:5)
  Menkaure (D:4)
  A black bear (D:4)
  A centaur (D:4)
  2 phantoms
  A scorpion (D:5)
  A killer bee (D:5)
  3 hounds
  A jelly (D:5)
  An orc priest (D:6)
  2 sleepcaps
  An orc wizard (D:4)
  2 iguanas
  Robin (D:3)
  4 gnolls
  7 adders
  An ufetubus (D:6)
  3 dart slugs
  13 orcs
  4 bats
  8 endoplasms
  4 giant cockroaches
  14 goblins
  7 hobgoblins
  6 jackals
  5 kobolds
  5 quokkas
  5 ball pythons
  4 frilled lizards
  5 rats
114 creatures vanquished.

Vanquished Creatures (collateral kills)
  A centaur (D:4)
  A killer bee (D:5)
  An iguana (D:5)
  A gnoll (D:2)
  An adder (D:2)
  An endoplasm (D:2)
6 creatures vanquished.

Vanquished Creatures (others)
  A scorpion (D:4)
  A jelly (D:4)
  2 orcs (D:4)
4 creatures vanquished.

Grand Total: 124 creatures vanquished

Notes
Turn   | Place    | Note
-------+----------+-------------------------------------------
     0 | D:1      | Shayle the Demonspawn Reaver began the quest for the Orb.
     0 | D:1      | Reached XP level 1. HP: 16/16 MP: 3/3
   122 | D:1      | Gained mutation: A weak demonic guardian rushes to your
                  | aid. [demonic ancestry]
   122 | D:1      | Reached XP level 2. HP: 18/22 MP: 5/5
   312 | D:1      | Reached skill level 1 in Necromancy
   325 | D:1      | Reached skill level 1 in Armour
   595 | D:1      | Found Domask's Weapon Boutique.
   624 | D:2      | Reached XP level 3. HP: 11/28 MP: 6/6
   842 | D:2      | Got an uncut book
   965 | D:2      | Gained mutation: You are partially covered in yellow
                  | scales. (AC +2) [demonic ancestry]
   965 | D:2      | Reached XP level 4. HP: 33/34 MP: 7/7
  1410 | D:2      | Found a faded altar of an unknown god.
  1846 | D:3      | Reached XP level 5. HP: 41/41 MP: 9/9
  2605 | D:5      | Entered Level 5 of the Dungeon
  2638 | D:4      | Noticed a phantom
  2641 | D:4      | Noticed a centaur
  2641 | D:4      | Noticed a centaur
  2726 | D:5      | Gained mutation: You are mostly covered in yellow scales.
                  | (AC +3) [demonic ancestry]
  2726 | D:5      | Reached XP level 6. HP: 35/47 MP: 10/10
  2822 | D:5      | Found an opulent altar of Gozag.
  2822 | D:5      | Found a hide-covered altar of Uskayaw.
  2963 | D:4      | Noticed Menkaure
  3025 | D:5      | Found Xofyjeiq's General Store.
  3027 | D:5      | Found Bomanafeul's Specific Store.
  3031 | D:5      | Bought a scroll of identify for 26 gold pieces
  3031 | D:5      | Bought a scroll of fear for 52 gold pieces
  3031 | D:5      | Bought a potion of degeneration for 13 gold pieces
  3086 | D:5      | Noticed Grinder
  3091 | D:5      | Paralysed by Grinder for 4 turns
  3108 | D:5      | Paralysed by Grinder for 5 turns
  3118 | D:5      | Paralysed by Grinder for 5 turns
  3127 | D:5      | Paralysed by Grinder for 2 turns
  3136 | D:5      | Paralysed by Grinder for 5 turns
  3154 | D:5      | Paralysed by Grinder for 5 turns
  3169 | D:5      | Paralysed by Grinder for 2 turns
  3183 | D:5      | Killed Grinder
  3184 | D:5      | Reached XP level 7. HP: 34/55 MP: 11/13
  3220 | D:5      | Found a shadowy altar of Dithmenos.
  3480 | D:5      | Found a hazy altar of Hepliaklqana.
  3519 | D:4      | Killed Menkaure
  3852 | D:4      | Reached skill level 5 in Fighting
  3852 | D:4      | Reached XP level 8. HP: 62/62 MP: 14/14
  4103 | D:4      | Reached skill level 5 in Necromancy
  4303 | D:4      | Noticed Robin
  4370 | D:3      | Killed Robin
  4597 | D:4      | Found a bloodstained altar of Trog.
  4597 | D:4      | Found an iron altar of Okawaru.
  4598 | D:4      | Found a stormy altar of Qazlal.
  4602 | D:4      | Found a sacrificial altar of Ru.
  4655 | D:4      | Found a runed translucent door.
  4656 | D:4      | Noticed Crazy Yiuf
  4704 | D:4      | Reached skill level 5 in Spellcasting
  5076 | D:6      | Found a burning altar of Makhleb.
  5199 | D:6      | Succumbed to an orc wizard's poison

Illustrated notes

Levels and vault maps discovered:
D:1:      ebering_hopf_link, layout_rooms, serial_shops,
          nicolae_shop_tiny_real_fake_doors, roderic_serpentine_path,
          chequers_avenue
D:2:      layout_loops_ring, ebering_ecumenical_altar_hall
D:3:      layout_loops_corners
D:4:      layout_cave_pools, minitemple, grunt_ministairs_6,
          minmay_misc_feat_cross, minmay_manual_mares, uniq_robin,
          uniq_crazy_yiuf_cottage, uniq_menkaure
D:5:      layout_basic, grunt_dithmenos_smoke,
          worldfamousw_hep_ancestral_shrine, grunt_temple_overflow_open,
          chequers_hall_statues_y, nicolae_specific_store, uniq_grinder
D:6:      layout_loops_ring, bloody_makhleb

Skill      XL: |  1  2  3  4  5  6  7  8 |
---------------+-------------------------+-----
Necromancy     | 1 2 3 4 5 |  5.6
Armour         | 1 2 3 4 |  4.6
Fighting       | 3 4 5 |  5.6
Spellcasting   | 3 4 5 |  5.1
Polearms       | |  2.6
Dodging        | |  1.7
Conjurations   | |  3.0

Action                     |  1- 3 |  4- 6 |  7- 9 || total
---------------------------+-------+-------+-------++-------
  Melee: Spear             |   135 |   328 |   372 ||   835
         Punch             |     2 |     3 |     6 ||    11
  Throw: Throwing net      |       |       |     1 ||     1
   Cast: Kiss of Death     |       |       |     2 ||     2
    Use: Potion            |     1 |     8 |     4 ||    13
         Scroll            |       |       |     8 ||     8
   Stab: Sleeping          |     1 |     5 |       ||     6
         Invisible         |     1 |       |     1 ||     2
         Distracted        |       |       |     1 ||     1
         Held in net/web   |       |       |     1 ||     1
 Armour: Leather armour    |    66 |    72 |       ||   138
         Skin              |       |    21 |    12 ||    33
         Ring mail         |       |   127 |   408 ||   535
  Dodge: Dodged            |    77 |   182 |   291 ||   550

Table legend: (Time is in decaauts)
 A = Elapsed time spent in this place.
 B = Non-inter-level travel time spent in this place.
 C = Inter-level travel time spent in this place.
 D = Time resting spent in this place.
 E = Time spent auto-exploring this place.
 F = Levels seen in this place.
 G = Mean time per level.
                   A        B        C        D        E       F      G
               +--------+--------+--------+--------+--------+-----+--------+
         Total |   5188 |   4963 |    225 |    534 |   2668 |   6 |  864.7 |
       Dungeon |   5188 |   4963 |    225 |    534 |   2668 |   6 |  864.7 |
               +--------+--------+--------+--------+--------+-----+--------+

Top non-repeatable levels by time:
     D:3: 1369 daAuts
     D:4: 1179 daAuts
     D:5: 972 daAuts
     D:2: 861 daAuts
     D:1: 607 daAuts
     D:6: 199 daAuts
